 Dungeon Crawl Stone Soup version 0.31.0-11-ge490571c62 (webtiles) character file.

Game seed: 15685748578575169715

492 qw the Skirmisher (level 6, 0/35 HPs)
             Began as a Deep Elf Hunter on Feb 3, 2024.
             Incinerated by a bombardier beetle (4 damage)
             ... with a burning spray
             ... on level 5 of the Dungeon.
             The game lasted 00:00:12 (2552 turns).

qw the Skirmisher (Deep Elf Hunter)                 Turns: 2552, Time: 00:00:12

Health: 0/35       AC:  8    Str: 10    XL:     6   Next: 91%
Magic:  8/8        EV: 11    Int: 14    God:
Gold:   71         SH:  0    Dex: 18    Spells: 5/5 levels left

rFire   . . .        a - +1 shortbow
rCold   . . .        (shield currently unavailable)
rNeg    . . .        g - +0 ring mail
rPois   .            (no helmet)
rElec   .            e - +2 cloak
rCorr   .            (no gloves)
SInv    +            (no boots)
Will    .....        (no amulet)
Stlth   +            h - ring of see invisible
HPRegen 0.25/turn    (no ring)
MPRegen 0.11/turn

%: no passive effects
@: on fire, glowing
A: no striking features
a: no special abilities


You were on level 5 of the Dungeon.
You visited 1 branch of the dungeon, and saw 5 of its levels.

You collected 211 gold pieces.
You spent 140 gold pieces at shops.


   Skills:
 - Level 2.3 Fighting
 - Level 10.3 Ranged Weapons
 + Level 0.0 Armour
 - Level 3.1 Dodging
 - Level 1.2 Stealth


You had 5 spell levels left.
You didn't know any spells.
Your spell library was empty.

Inventory:

Hand Weapons
 a - a +1 shortbow (weapon)
Armour
 e - a +2 cloak (worn)
 g - a +0 ring mail (worn)
Jewellery
 f - a ring of ice
 h - a ring of see invisible (left hand)
Potions
 b - a potion of heal wounds
 c - a potion of invisibility {unknown}
 d - 2 potions of curing
 j - a potion of enlightenment {unknown}

Dungeon Overview and Level Annotations

Branches:
Dungeon (5/15)
 Temple: D:4-7

Altars:
Kikubaaqudgha
Nemelex Xobeh
The Shining One

Shops:
D:4 *

Annotations:
D:3 3 runed translucent doors, qw's ghost, amateur DEHu


Message History

There is an open door here.
A bombardier beetle comes into view.
The bombardier beetle waves its antennae.
The bombardier beetle sprays incendiary fluid at you.
The burning spray hits you.
You are covered in liquid fire!
You shoot an arrow. The arrow hits the bombardier beetle!
The bombardier beetle is heavily wounded.
The liquid fire burns you!
You shoot an arrow.
The arrow barely misses the bombardier beetle.
The liquid fire burns you!
You shoot an arrow.
The arrow hits the bombardier beetle but does no damage.
The bombardier beetle is heavily wounded.
The liquid fire burns you!
You shoot an arrow.
The arrow hits the bombardier beetle but does no damage.
The bombardier beetle is heavily wounded.
The liquid fire burns you!
You shoot an arrow.
The arrow hits the bombardier beetle but does no damage.
The bombardier beetle is heavily wounded.
The liquid fire burns you! The bombardier beetle bites you.
You shoot an arrow.
The arrow barely misses the bombardier beetle.
The liquid fire burns you!
The bombardier beetle barely misses you.
You shoot an arrow. The arrow hits the bombardier beetle!
You kill the bombardier beetle!
The liquid fire burns you!
Your Dodging skill increases to level 3!
You are on fire!
The liquid fire burns you!
You are on fire!
The liquid fire burns you!
You are on fire!
The liquid fire burns you!
You die...

#.....'.#.########.
#.....#.#..........
##.....############# .
#.....#...# #.
#.###.#.#.###
..#.###.#####.#...#
.......>......###.#
........######....#
.##.##)..@.###.#########
......).#.##..........#
####)##..#.#...#######.#
......<..#....#......#.###
###.##).###.....#...#....
.. #..# #######.####### ##
#..#####.....#.....#
#......#.#####.###.#
#....#.#.......# #..


There were no monsters in sight!

Vanquished Creatures
  An ice beast (D:5)
  A phantom (D:4)
  A scorpion (D:3)
  A bombardier beetle (D:5)
  2 hounds
  A jelly (D:4)
  A gnoll (D:3)
  5 adders
  3 dart slugs (D:1)
  2 ribbon worms
  10 orcs
  5 endoplasms
  3 giant cockroaches
  5 goblins
  6 hobgoblins
  2 jackals (D:1)
  5 quokkas
  10 ball pythons
  4 bats
  2 frilled lizards
  4 kobolds
  2 rats (D:1)
76 creatures vanquished.

Notes
Turn   | Place    | Note
-------+----------+-------------------------------------------
     0 | D:1      | qw the Deep Elf Hunter began the quest for the Orb.
     0 | D:1      | Reached XP level 1. HP: 12/12 MP: 3/3
     0 | D:1      | 0 ||| qw: Version: 0.3-a-158-g18b3111
     0 | D:1      | 0 ||| qw: Game counter: 4055
     0 | D:1      | 0 ||| qw: Melee chars always use a shield: true
     0 | D:1      | 0 ||| qw: God list: Okawaru
     0 | D:1      | 0 ||| qw: Allow faded altars: false
     0 | D:1      | 0 ||| qw: Do Orc after clearing Dungeon:15 true
     0 | D:1      | 0 ||| qw: Do second Lair branch before Depths: true
     0 | D:1      | 0 ||| qw: Lair rune preference: random
     0 | D:1      | 0 ||| qw: Goals: Normal
     0 | D:1      | 0 ||| PLANNING D:1-11
    42 | D:1      | Reached skill level 6 in Ranged Weapons
    42 | D:1      | Reached XP level 2. HP: 16/16 MP: 4/4
   302 | D:1      | Reached XP level 3. HP: 19/20 MP: 5/5
   501 | D:1      | 501 ||| UPGRADING to +0 cloak.
   506 | D:1      | 506 ||| DROPPING ring of wizardry.
   507 | D:1      | 507 ||| READING scroll labelled HOINAOF ITURURPH.
   507 | D:1      | 507 ||| ENCHANTING +0 shortbow.
   508 | D:1      | 508 ||| DROPPING scroll of butterflies.
   639 | D:2      | Found a faded altar of an unknown god.
   648 | D:2      | Reached skill level 7 in Ranged Weapons
   880 | D:2      | Found the +18 Lear's hauberk
   988 | D:2      | 988 ||| READING scroll labelled TIROKEURIHI.
   989 | D:2      | 989 ||| READING 2 scrolls labelled DAFASMO XOLE.
   989 | D:2      | 989 ||| IDENTIFYING inky potion
   990 | D:2      | 990 ||| READING scroll of identify.
   990 | D:2      | 990 ||| IDENTIFYING golden potion
   991 | D:2      | 991 ||| READING scroll labelled XEREIPETOT.
   992 | D:2      | 992 ||| READING scroll labelled JOTUROEPPYLL.
   996 | D:2      | 996 ||| DROPPING potion of lignification.
   997 | D:2      | 997 ||| DROPPING potion of degeneration.
  1027 | D:3      | Reached XP level 4. HP: 25/25 MP: 6/6
  1135 | D:3      | Noticed qw's ghost (amateur DEHu)
  1138 | D:3      | Found a runed translucent gate.
  1138 | D:3      | Found a runed translucent gate.
  1138 | D:3      | Found a runed translucent gate.
  1186 | D:3      | Noticed a scorpion
  1197 | D:3      | Killed a scorpion
  1198 | D:3      | Reached skill level 8 in Ranged Weapons
  1198 | D:3      | Reached XP level 5. HP: 20/29 MP: 7/7
  1280 | D:3      | Found a glowing golden altar of the Shining One.
  1281 | D:3      | Found an ancient bone altar of Kikubaaqudgha.
  1319 | D:3      | Reached skill level 9 in Ranged Weapons
  1542 | D:3      | 1542 ||| UPGRADING to +0 ring mail.
  1552 | D:3      | 1552 ||| DROPPING +0 leather armour.
  1553 | D:3      | 1553 ||| READING scroll of identify.
  1553 | D:3      | 1553 ||| IDENTIFYING metallic yellow potion
  1554 | D:3      | 1554 ||| READING 2 scrolls labelled BABYCZ CUSY.
  1555 | D:3      | 1555 ||| DRINKING 2 green potions.
  1556 | D:3      | 1556 ||| DRINKING 2 silvery potions.
  1557 | D:3      | 1557 ||| DROPPING scroll of poison.
  1558 | D:3      | 1558 ||| DROPPING potion of brilliance.
  1560 | D:3      | 1560 ||| Stepping ~*~*~tactically~*~*~ (cloud).
  1849 | D:4      | Found Ogatrig's Assorted Antiques.
  1858 | D:4      | 1858 ||| SHOPLISTING 3 scrolls of identify (168 gold, have
                  | 163).
  1858 | D:4      | 1858 ||| BUYING pearl ring (140 gold).
  1858 | D:4      | Bought a pearl ring for 140 gold pieces
  1858 | D:4      | 1858 ||| SHOPLISTING runed ivory wand (112 gold, have 23).
  1858 | D:4      | 1858 ||| SHOPLISTING short brass wand (112 gold, have 23).
  2018 | D:4      | Found a sparkling altar of Nemelex Xobeh.
  2136 | D:4      | Reached XP level 6. HP: 35/35 MP: 8/8
  2308 | D:4      | 2308 ||| UPGRADING to ring of see invisible.
  2309 | D:4      | 2309 ||| READING scroll of identify.
  2309 | D:4      | 2309 ||| IDENTIFYING bubbling black potion
  2310 | D:4      | 2310 ||| READING scroll labelled VUACACI FEIHECH.
  2310 | D:4      | 2310 ||| ENCHANTING +0 cloak.
  2327 | D:5      | Entered Level 5 of the Dungeon
  2341 | D:5      | Noticed an ice beast
  2344 | D:5      | 2344 ||| DRINKING potion of haste.
  2349 | D:5      | Killed an ice beast
  2350 | D:5      | Reached skill level 10 in Ranged Weapons
  2384 | D:5      | 2384 ||| READING scroll of enchant armour.
  2384 | D:5      | 2384 ||| ENCHANTING +1 cloak.
  2550 | D:5      | Reached skill level 3 in Dodging
  2550 | D:5      | HP: 6/35 [burnt (3)]
  2552 | D:5      | Incinerated by a bombardier beetle

Levels and vault maps discovered:
D:1:      spicycebolla_arrival_xxxplode, layout_rooms
D:2:      layout_rooms, shapermc_ecumenical_altar_pompeii
D:3:      layout_rooms, jmf_multi_god_temple, gammafunk_ghost_split,
          grunt_decor_arrowhead
D:4:      layout_basic, nemelex_spade_bored_becter, serial_shops, shop,
          minmay_misc_feat_roman, nicolae_tricolors
D:5:      layout_basic

Skill      XL: |  1  2  3  4  5  6 |
---------------+-------------------+-----
Ranged Weapons | 6 7 8 9 10 | 10.3
Fighting       | 2 |  2.3
Dodging        | 3 |  3.1
Stealth        | |  1.2

Action                     |  1- 3 |  4- 6 || total
---------------------------+-------+-------++-------
   Fire: Shortbow          |   117 |   133 ||   250
    Use: Scroll            |     6 |     5 ||    11
         Potion            |       |     3 ||     3
 Armour: Leather armour    |    23 |    10 ||    33
         Ring mail         |       |    23 ||    23
  Dodge: Dodged            |    29 |    27 ||    56

Table legend:
 A = Non-vault XP
 B = Vault XP
 C = Vault XP percentage of total XP
 D = Non-vault monster count
 E = Vault monster count
 F = Vault count percentage of total count
                 A         B        C        D         E       F
            +---------+---------+-------+---------+---------+-------
      Total |     605 |      98 |  13.9 |      74 |       2 |   2.6
            +---------+---------+-------+---------+---------+-------
        D:1 |      51 |       0 |   0.0 |      28 |       0 |   0.0
        D:2 |      44 |       0 |   0.0 |      12 |       0 |   0.0
        D:3 |      87 |      98 |  53.0 |      12 |       2 |  14.3
        D:4 |     234 |       0 |   0.0 |      15 |       0 |   0.0
        D:5 |     189 |       0 |   0.0 |       7 |       0 |   0.0
            +---------+---------+-------+---------+---------+-------
